 Dungeon Crawl Stone Soup version 0.32-a0-931-g5a2cda0630 (webtiles) character file.

Game seed: 7442012630813857005

203 GiantSquids the Changeling (level 5, -9/33 HPs)
             Began as an Octopode Shapeshifter on Apr 13, 2024.
             Killed by divine providence
             ... invoked by an orc priest
              (12 damage)
             ... on level 3 of the Dungeon.
             The game lasted 00:04:02 (2293 turns).

GiantSquids the Changeling (Octopode Shapeshifter)  Turns: 2293, Time: 00:04:02

Health: -9/33      AC:  1    Str: 16    XL:     5   Next: 81%
Magic:  5/5        EV: 12    Int: 12    God:
Gold:   90         SH:  0    Dex: 11    Spells: 4/4 levels left

rFire   . . .        d - +1 dagger (vamp)
rCold   . . .        (no shield)
rNeg    . . .        (helmet currently unavailable)
rPois   .            l - amulet of the acrobat
rElec   .            (no ring)
rCorr   .            (no ring)
SInv    .            (no ring)
Will    .....        (no ring)
Stlth   ++           (no ring)
HPRegen 0.25/turn    (no ring)
MPRegen 0.09/turn    (no ring)
                     (no ring)

%: acrobat
@: beast-form
A: beast (slay +3), almost no armour, amphibious, 8 rings, camouflage 1,
gelatinous body 1, (nimble swimmer 1), tentacles
a: Begin Untransformation, Convert to Beogh


You were on level 3 of the Dungeon.
You were a hulking beast.
You visited 1 branch of the dungeon, and saw 3 of its levels.

You collected 155 gold pieces.
You spent 65 gold pieces at shops.

Inventory:

Hand Weapons
 d - a +1 vampiric dagger (weapon)
Armour
 m - an orb of mayhem
Jewellery
 l - an amulet of the acrobat (around mantle)
Talismans
 b - a beast talisman (active)
 c - a flux talisman
Wands
 o - a wand of roots (5)
Scrolls
 e - 7 scrolls of identify
 g - 2 scrolls of immolation {unknown}
 i - a scroll of amnesia {unknown}
 k - 2 scrolls of teleportation
 n - a scroll of blinking {unknown}
Potions
 a - a potion of attraction {unknown}
 f - a potion of curing
 h - 2 potions of mutation {unknown}
 j - a potion of brilliance {unknown}
 p - a potion of ambrosia {unknown}


   Skills:
 - Level 1.0 Fighting
 - Level 2.0 Dodging
 - Level 3.4 Unarmed Combat
 + Level 5.7 Shapeshifting


You had 4 spell levels left.
You didn't know any spells.
Your spell library contained the following spells:

 Spells                   Type           Power      Damage    Failure   Level
 Shock                    Conj/Air       0%         1d3       32%         1
 Sting                    Conj/Alch      0%         1d3       32%         1
 Mercury Vapours          Alch/Air       0%         N/A       45%         2
 Swiftness                Air            0%         N/A       69%         3
 Airstrike                Air            0%         2d(0-16)  97%         4
 Olgreb's Toxic Radiance  Alch           0%         N/A       97%         4


Dungeon Overview and Level Annotations

Branches:
Dungeon (3/15)

Altars:

Shops:
D:2 ?   D:3 (


Innate Abilities, Weirdness & Mutations

You are a hulking beast.
Your limbs bulge with bestial killing power. (Slay +3)
You cannot wear most types of armour.
You are amphibious.
You can wear up to eight rings at the same time.
Your skin changes colour to match your surroundings (Stealth+).
Your rubbery body absorbs attacks. (AC +1, EV +1)
((You are camouflaged when in or above water. (Stealth+)))
You have tentacles for arms and can constrict up to eight enemies at once.


Message History

Beogh smites you!
You hear a shout!
Things that are here:
a +0 dagger; a +0 robe You barely miss the orc.
Your grab misses the orc. You squeeze the orc.
The orc is severely wounded.
The orc closely misses you.
You puncture the orc!
You kill the orc!
You hit the orc priest.
You feel better.
You grab the orc priest.
The orc priest is lightly wounded.
You constrict the orc priest. The orc priest hits you with a +0 club.
You hit the orc priest.
The orc priest is severely wounded.
You constrict the orc priest. The orc priest hits you with a +0 club.
The orc priest threatens, "Beogh's wrath is as vast as their mercy.
Make your choice!" (press Y on the ability menu to convert to Beogh)
You completely miss the orc priest.
The orc priest shouts, "Beogh offers mercy even to people such as you.
Join us and be reborn!"
You squeeze the orc priest.
You kill the orc priest!
Items here: ))) [ †.
Okay, then.
An orc priest is nearby!
The orc priest calls down the wrath of Beogh upon you.
Beogh smites you!
* * * LOW HITPOINT WARNING * * *
Items here: ))) [ †.
You hit the orc priest but do no damage.
You grab the orc priest. You squeeze the orc priest.
The orc priest is moderately wounded.
You constrict the orc priest. The orc priest hits you with a +0 club.
* * * LOW HITPOINT WARNING * * *
You hit the orc priest but do no damage.
You squeeze the orc priest.
The orc priest is almost dead.
You constrict the orc priest.
The orc priest calls down the wrath of Beogh upon you.
Beogh smites you!
You die...

###.....#.##.#########'##
#######.....#.# #......
##### #.........###.#
#<..... #...#
#.#######.###.# #......
#.#.####.# #.......#
####### #........#
#.#.#####
'.############[#.#
##.............#.#
##.#############h# +..#
......o.# #### ....#####
# .. #


You could see an orc priest.

Vanquished Creatures
  An orc priest (D:3)
  Jessica (D:2)
  An orc wizard (D:3)
  Robin (D:3)
  3 adders
  A dart slug (D:2)
  2 ribbon worms
  2 orcs (D:3)
  5 bats
  4 endoplasms
  3 giant cockroaches
  15 goblins
  10 hobgoblins
  4 jackals (D:1)
  5 kobolds
  3 quokkas (D:1)
  5 ball pythons
  5 frilled lizards
  2 rats (D:2)
73 creatures vanquished.

Notes
Turn   | Place    | Note
-------+----------+-------------------------------------------
     0 | D:1      | GiantSquids the Octopode Shapeshifter began the quest for
                  | the Orb.
     0 | D:1      | Reached XP level 1. HP: 13/13 MP: 1/1
   117 | D:1      | Reached XP level 2. HP: 17/18 MP: 2/2
   574 | D:1      | Reached XP level 3. HP: 15/23 MP: 3/3
  1126 | D:2      | Found a faded altar of an unknown god.
  1155 | D:2      | Reached skill level 4 in Shapeshifting
  1303 | D:2      | Found Gioqevauda's Magic Scroll Boutique.
  1311 | D:2      | Bought a scroll of identify for 26 gold pieces
  1311 | D:2      | Bought a scroll of teleportation for 39 gold pieces
  1360 | D:2      | Reached XP level 4. HP: 26/28 MP: 4/4
  1476 | D:2      | Noticed Jessica
  1485 | D:2      | Killed Jessica
  1594 | D:3      | Found Wuluh's Antique Weapon Emporium.
  1876 | D:3      | Reached skill level 5 in Shapeshifting
  1876 | D:3      | Reached XP level 5. HP: 33/33 MP: 5/5
  1921 | D:3      | Noticed Robin
  1978 | D:3      | Killed Robin
  2293 | D:3      | Killed from afar by an orc priest

Illustrated notes

Levels and vault maps discovered:
D:1:      dpeg_arrival_round_b, layout_basic, kennysheep_boxes
D:2:      layout_rooms, chequers_ecumenical_altar_island, serial_shops,
          nicolae_shop_trees, uniq_jessica
D:3:      layout_basic, serial_shops, shop, uniq_robin

Skill      XL: |  1  2  3  4 |
---------------+-------------+-----
Shapeshifting  | 4 5 |  5.7
Fighting       | |  1.0
Dodging        | |  2.0
Unarmed Combat | |  3.4

Action                     |  1- 3 |  4- 6 || total
---------------------------+-------+-------++-------
  Melee: Unarmed           |     9 |       ||     9
         Dagger            |    59 |    98 ||   157
         Constrict         |    24 |    17 ||    41
         Tentacles         |    11 |    17 ||    28
         Punch             |     1 |       ||     1
    Use: Potion            |       |     2 ||     2
   Stab: Sleeping          |     4 |     3 ||     7
         Distracted        |       |     1 ||     1
 Armour: Skin              |    28 |    86 ||   114
  Dodge: Dodged            |    28 |    40 ||    68

Table legend: (Time is in decaauts)
 A = Elapsed time spent in this place.
 B = Non-inter-level travel time spent in this place.
 C = Inter-level travel time spent in this place.
 D = Time resting spent in this place.
 E = Time spent auto-exploring this place.
 F = Levels seen in this place.
 G = Mean time per level.
                   A        B        C        D        E       F      G
               +--------+--------+--------+--------+--------+-----+--------+
         Total |   2291 |   2232 |     59 |      0 |   1805 |   3 |  763.7 |
       Dungeon |   2291 |   2232 |     59 |      0 |   1805 |   3 |  763.7 |
               +--------+--------+--------+--------+--------+-----+--------+

Top non-repeatable levels by time:
     D:1: 1105 daAuts
     D:3: 728 daAuts
     D:2: 456 daAuts
